| TOP OF THE 1ST |
|
University of Maine Black Bears batting - Pitching for University of Nebraska Cornhuskers : RHP Bobby Almonte
|
|
Pitching: RHP Bobby Almonte
|
|
|
Batting: RHB Frank Gould
|
0-0: Called Strike 0-1: Ball 1-1: Ball 2-1: Ball 3-1: Called Strike 3-2: SINGLE (Groundball, 56D, EV 95.0 MPH)
|
|
Batting: SHB Ron Handford
|
0-0: DOUBLE (Groundball, 3L, EV 106.9 MPH) Frank Gould to third
|
|
Batting: RHB Dave MacAulay
|
0-0: Swinging Strike 0-1: Foul Ball, location: 2F 0-2: Strikes out swinging
|
|
Batting: LHB John Bergeron
|
0-0: Ball 1-0: Foul Ball, location: 2F 1-1: Called Strike 1-2: Strikes out swinging
|
|
Batting: RHB Rewa Havika
|
0-0: Ground out 5-3 (Groundball, 5S, EV 86.2 MPH)
|
| Top of the 1st over - 0 runs, 2 hits, 0 errors, 2 left on base; University of Maine 0 - University of Nebraska 0 |
| BOTTOM OF THE 1ST |
|
University of Nebraska Cornhuskers batting - Pitching for University of Maine Black Bears : RHP Noah Johnson
|
|
Pitching: RHP Noah Johnson
|
|
|
Batting: RHB Zion Jones
|
0-0: Ball 1-0: Foul Ball, location: 2F 1-1: Called Strike 1-2: Hit by Pitch
|
|
Batting: RHB Danny Forbes
|
0-0: Called Strike 0-1: Ball 1-1: Ball 2-1: Swinging Strike 2-2: Grounds into double play, 6-4-3 (Groundball, 6, EV 105.0 MPH)
|
|
Batting: LHB Avicenna Abdul-Muta'al
|
0-0: Ball 1-0: Foul Ball, location: 2F 1-1: Foul Ball, location: 2F 1-2: Ball 2-2: Ball 3-2: Ground out 6-3 (Groundball, 6, EV 86.9 MPH)
|
| Bottom of the 1st over - 0 runs, 0 hits, 0 errors, 0 left on base; University of Maine 0 - University of Nebraska 0 |
| TOP OF THE 2ND |
|
University of Maine Black Bears batting - Pitching for University of Nebraska Cornhuskers : RHP Bobby Almonte
|
|
Batting: RHB Geoffrey Gonzalez
|
0-0: Called Strike 0-1: Called Strike 0-2: Strikes out looking
|
|
Batting: RHB Justin Degon
|
0-0: SINGLE (Line Drive, 34D, EV 95.6 MPH)
|
|
Batting: RHB Wang Huan
|
0-0: Ball Justin Degon steals 2nd base 1-0: Called Strike 1-1: Foul Ball, location: 2F 1-2: Ball 2-2: Foul Ball, location: 2F 2-2: Foul Ball, location: 2F 2-2: Foul Ball, location: 2F 2-2: Strikes out looking
|
|
Batting: RHB Bryan Douglas
|
0-0: Ball 1-0: Foul Ball, location: 2F 1-1: Ball 2-1: Foul Ball, location: 2F 2-2: Foul Ball, location: 2F 2-2: Ball 3-2: Foul Ball, location: 2F 3-2: 2-RUN HOME RUN (Flyball, 9D, EV 93.8 MPH), Distance : 369 ft
|
|
Batting: RHB Frank Gould
|
0-0: Called Strike 0-1: Ball 1-1: Ball 2-1: SOLO HOME RUN (Flyball, 7D, EV 96.2 MPH), Distance : 376 ft
|
|
Batting: SHB Ron Handford
|
0-0: Ball 1-0: Swinging Strike 1-1: Foul Ball, location: 2F 1-2: Foul Ball, location: 2F 1-2: Ball 2-2: Ground out 1-3 (Groundball, 25, EV 68.1 MPH)
|
| Top of the 2nd over - 3 runs, 3 hits, 0 errors, 0 left on base; University of Maine 3 - University of Nebraska 0 |
| BOTTOM OF THE 2ND |
|
University of Nebraska Cornhuskers batting - Pitching for University of Maine Black Bears : RHP Noah Johnson
|
|
Batting: RHB Chris Anthony
|
0-0: Ground out 5-3 (Groundball, 5, EV 83.1 MPH)
|
|
Batting: SHB Kent Worboys
|
0-0: Ball 1-0: Fly out, F8 (Flyball, 78XD, EV 80.0 MPH)
|
|
Batting: LHB Lupe Garcia
|
0-0: Called Strike 0-1: Foul Ball, location: 2F 0-2: Foul Ball, location: 2F 0-2: Ball 1-2: Foul Ball, location: 2F 1-2: Ball 2-2: Foul Ball, location: 2F 2-2: Ball 3-2: Strikes out swinging
|
| Bottom of the 2nd over - 0 runs, 0 hits, 0 errors, 0 left on base; University of Maine 3 - University of Nebraska 0 |
| TOP OF THE 3RD |
|
University of Maine Black Bears batting - Pitching for University of Nebraska Cornhuskers : RHP Bobby Almonte
|
|
Batting: RHB Dave MacAulay
|
0-0: Ball 1-0: SOLO HOME RUN (Flyball, 7D, EV 104.4 MPH), Distance : 372 ft
|
|
Batting: LHB John Bergeron
|
0-0: Ball 1-0: Called Strike 1-1: Foul Ball, location: 2F 1-2: Ball 2-2: SINGLE (Groundball, 6D, EV 102.5 MPH)
|
|
Batting: RHB Rewa Havika
|
0-0: Ball 1-0: Called Strike 1-1: Swinging Strike 1-2: Fielders Choice at 2nd, 6-4 (Groundball, 6, EV 88.1 MPH)
|
|
Batting: RHB Geoffrey Gonzalez
|
0-0: Called Strike 0-1: Reached on error, E4 (Groundball, 4M, EV 103.1 MPH) Rewa Havika to second
|
|
Batting: RHB Justin Degon
|
0-0: Swinging Strike 0-1: Ball 1-1: Foul Ball, location: 2F 1-2: Ball 2-2: Fielders Choice at 2nd, 4-6 (Groundball, 4M, EV 96.9 MPH) Rewa Havika to third
|
|
Batting: RHB Wang Huan
|
0-0: Ball Justin Degon steals 2nd base 1-0: Ball 2-0: Called Strike 2-1: Fly out, F8 (Flyball, 8RD, EV 95.0 MPH)
|
| Top of the 3rd over - 1 run, 2 hits, 1 error, 2 left on base; University of Maine 4 - University of Nebraska 0 |
| BOTTOM OF THE 3RD |
|
University of Nebraska Cornhuskers batting - Pitching for University of Maine Black Bears : RHP Noah Johnson
|
|
Batting: RHB Aidan Collet
|
0-0: Foul Ball, location: 2F 0-1: Ball 1-1: Ball 2-1: Fly out, F8 (Line Drive, 8LM, EV 108.8 MPH)
|
|
Batting: RHB Tariq Garane
|
0-0: Ball 1-0: Foul Ball, location: 2F 1-1: Ball 2-1: Swinging Strike 2-2: Strikes out swinging
|
|
Batting: LHB Bob Appleby
|
0-0: Ball 1-0: Ball 2-0: Ball 3-0: Base on Balls
|
|
Batting: RHB Zion Jones
|
0-0: Ball Bob Appleby is caught stealing 2nd base 2-4
|
| Bottom of the 3rd over - 0 runs, 0 hits, 0 errors, 0 left on base; University of Maine 4 - University of Nebraska 0 |
| TOP OF THE 4TH |
|
University of Maine Black Bears batting - Pitching for University of Nebraska Cornhuskers : RHP Bobby Almonte
|
|
Batting: RHB Bryan Douglas
|
0-0: Ball 1-0: Swinging Strike 1-1: Ground out 5-3 (Groundball, 56, EV 86.2 MPH)
|
|
Pitching: RHP Miguel Bustamante
|
|
|
Batting: RHB Frank Gould
|
0-0: Called Strike 0-1: Reached on error, E4 (Groundball, 4M, EV 87.5 MPH)
|
|
Batting: SHB Ron Handford
|
0-0: Ball 1-0: Swinging Strike 1-1: Swinging Strike 1-2: Foul Ball, location: 2F 1-2: Foul Ball, location: 2F 1-2: Ball 2-2: Ball 3-2: Base on Balls Frank Gould to second
|
|
Batting: RHB Dave MacAulay
|
0-0: Ball 1-0: Foul Ball, location: 2F 1-1: Called Strike 1-2: Strikes out swinging
|
|
Batting: LHB John Bergeron
|
0-0: Called Strike 0-1: Ball 1-1: Called Strike 1-2: Strikes out swinging
|
| Top of the 4th over - 0 runs, 0 hits, 1 error, 2 left on base; University of Maine 4 - University of Nebraska 0 |
| BOTTOM OF THE 4TH |
|
University of Nebraska Cornhuskers batting - Pitching for University of Maine Black Bears : RHP Noah Johnson
|
|
Batting: RHB Zion Jones
|
0-0: Foul Ball, location: 2F 0-1: Ball 1-1: Ground out 6-3 (Groundball, 6S, EV 86.9 MPH)
|
|
Batting: RHB Danny Forbes
|
0-0: Ball 1-0: SINGLE (Groundball, 6, EV 103.8 MPH)
|
|
Batting: LHB Avicenna Abdul-Muta'al
|
0-0: Ball 1-0: Ball 2-0: Fielders Choice at 2nd, 4-6 (Groundball, 34, EV 107.5 MPH)
|
|
Batting: RHB Chris Anthony
|
0-0: Called Strike 0-1: Ground out 1-3 (Groundball, P, EV 66.2 MPH)
|
| Bottom of the 4th over - 0 runs, 1 hit, 0 errors, 1 left on base; University of Maine 4 - University of Nebraska 0 |
| TOP OF THE 5TH |
|
University of Maine Black Bears batting - Pitching for University of Nebraska Cornhuskers : RHP Miguel Bustamante
|
|
Batting: RHB Rewa Havika
|
0-0: Ground out 6-3 (Groundball, 56, EV 80.6 MPH)
|
|
Batting: RHB Geoffrey Gonzalez
|
0-0: SINGLE (Groundball, 4MD, EV 99.4 MPH)
|
|
Batting: RHB Justin Degon
|
0-0: Fielders Choice at 2nd, 3-6 (Groundball, 23, EV 80.6 MPH)
|
|
Batting: RHB Wang Huan
|
0-0: Ball Justin Degon is caught stealing 2nd base 2-4
|
| Top of the 5th over - 0 runs, 1 hit, 0 errors, 0 left on base; University of Maine 4 - University of Nebraska 0 |
| BOTTOM OF THE 5TH |
|
University of Nebraska Cornhuskers batting - Pitching for University of Maine Black Bears : RHP Noah Johnson
|
|
Batting: SHB Kent Worboys
|
0-0: Ball 1-0: Ball 2-0: Foul Ball, location: 2F 2-1: Ball 3-1: Ground out U3 (Groundball, 3S, EV 71.9 MPH)
|
|
Batting: LHB Lupe Garcia
|
0-0: Ball 1-0: Ball 2-0: Foul Ball, location: 2F 2-1: Ball 3-1: Base on Balls
|
|
Batting: RHB Aidan Collet
|
0-0: Called Strike 0-1: Called Strike 0-2: Ball 1-2: Fielders Choice at 2nd, 6-4 (Groundball, 6, EV 93.8 MPH)
|
|
Batting: RHB Tariq Garane
|
0-0: Fielders Choice at 2nd, U4 (Groundball, 4M, EV 87.5 MPH)
|
| Bottom of the 5th over - 0 runs, 0 hits, 0 errors, 1 left on base; University of Maine 4 - University of Nebraska 0 |
| TOP OF THE 6TH |
|
University of Maine Black Bears batting - Pitching for University of Nebraska Cornhuskers : RHP Miguel Bustamante
|
|
Batting: RHB Wang Huan
|
0-0: Called Strike 0-1: Foul Ball, location: 2F 0-2: Hit by Pitch
|
|
Batting: RHB Bryan Douglas
|
0-0: Ball 1-0: Called Strike Wang Huan steals 2nd base 1-1: Called Strike 1-2: Fly out, F8 (Line Drive, 8RD, EV 95.0 MPH)
|
|
Batting: RHB Frank Gould
|
0-0: Called Strike 0-1: Ball 1-1: Called Strike 1-2: Ball Wild Pitch! Wang Huan to third 2-2: Foul Ball, location: 2F 2-2: Ball 3-2: Base on Balls
|
|
Batting: SHB Ron Handford
|
0-0: Called Strike 0-1: Fielders Choice at 2nd, 4-6 (Groundball, 4, EV 87.5 MPH) Wang Huan scores
|
|
Batting: RHB Dave MacAulay
|
0-0: Called Strike 0-1: SINGLE (Groundball, P, EV 90.0 MPH) (infield hit) Ron Handford to second
|
|
Batting: LHB John Bergeron
|
0-0: Called Strike 0-1: Foul Ball, location: 2F 0-2: Foul Ball, location: 2F 0-2: Foul Ball, location: 2F 0-2: Ball 1-2: Foul Ball, location: 2F 1-2: Strikes out swinging
|
| Top of the 6th over - 1 run, 1 hit, 0 errors, 2 left on base; University of Maine 5 - University of Nebraska 0 |
| BOTTOM OF THE 6TH |
|
University of Nebraska Cornhuskers batting - Pitching for University of Maine Black Bears : RHP Noah Johnson
|
|
Batting: LHB Bob Appleby
|
0-0: Called Strike 0-1: Called Strike 0-2: Ball 1-2: Ground out U3 (Groundball, 3S, EV 82.5 MPH)
|
|
Batting: RHB Zion Jones
|
0-0: Called Strike 0-1: Foul Ball, location: 2F 0-2: Ball 1-2: Ball 2-2: Fly out, F9 (Line Drive, 89D, EV 90.6 MPH)
|
|
Batting: RHB Danny Forbes
|
0-0: Ground out 4-3 (Groundball, 4, EV 77.5 MPH)
|
| Bottom of the 6th over - 0 runs, 0 hits, 0 errors, 0 left on base; University of Maine 5 - University of Nebraska 0 |
| TOP OF THE 7TH |
|
University of Maine Black Bears batting - Pitching for University of Nebraska Cornhuskers : RHP Miguel Bustamante
|
|
Batting: RHB Rewa Havika
|
0-0: Ball 1-0: Called Strike 1-1: Ball 2-1: Called Strike 2-2: Ball 3-2: Strikes out swinging
|
|
Batting: RHB Geoffrey Gonzalez
|
0-0: Ball 1-0: Called Strike 1-1: Called Strike 1-2: Foul Ball, location: 2F 1-2: Ball 2-2: Ball 3-2: Base on Balls
|
|
Pitching: RHP Ronald Garbie
|
|
|
Batting: RHB Justin Degon
|
0-0: Ball 1-0: Fielders Choice at 2nd, 6-4 (Groundball, 56, EV 91.2 MPH)
|
|
Batting: RHB Wang Huan
|
0-0: Called Strike Justin Degon steals 2nd, throwing error, E2 Justin Degon to third 0-1: Swinging Strike 0-2: Ball 1-2: Foul Ball, location: 2F 1-2: Ball 2-2: SINGLE (Groundball, 4M, EV 104.4 MPH) (infield hit) Justin Degon scores
|
|
Batting: RHB Bryan Douglas
|
0-0: Foul Ball, location: 2F 0-1: Ball 1-1: Swinging Strike 1-2: Strikes out swinging
|
| Top of the 7th over - 1 run, 1 hit, 1 error, 1 left on base; University of Maine 6 - University of Nebraska 0 |
| BOTTOM OF THE 7TH |
|
University of Nebraska Cornhuskers batting - Pitching for University of Maine Black Bears : RHP Noah Johnson
|
|
Pitching: RHP Etienne Verburg
|
|
|
Batting: LHB Avicenna Abdul-Muta'al
|
0-0: Ball 1-0: Ball 2-0: Ball 3-0: Called Strike 3-1: Swinging Strike 3-2: Fly out, F4 (Line Drive, 4, EV 70.6 MPH)
|
|
Batting: RHB Chris Anthony
|
0-0: Called Strike 0-1: Fly out, F9 (Flyball, 89D, EV 97.5 MPH)
|
|
Batting: SHB Kent Worboys
|
0-0: Ground out 6-3 (Groundball, 6, EV 79.4 MPH)
|
| Bottom of the 7th over - 0 runs, 0 hits, 0 errors, 0 left on base; University of Maine 6 - University of Nebraska 0 |
| TOP OF THE 8TH |
|
University of Maine Black Bears batting - Pitching for University of Nebraska Cornhuskers : RHP Ronald Garbie
|
|
Batting: RHB Frank Gould
|
0-0: Ball 1-0: Ball 2-0: Ball 3-0: Base on Balls
|
|
Batting: SHB Ron Handford
|
0-0: Ball 1-0: Fielders Choice at 2nd, 4-6 (Groundball, 4, EV 82.5 MPH)
|
|
Batting: RHB Dave MacAulay
|
0-0: Called Strike 0-1: Fly out, F8 (Flyball, 8LD, EV 100.0 MPH)
|
|
Batting: LHB John Bergeron
|
0-0: Foul Ball, location: 2F 0-1: Ball 1-1: Foul Ball, location: 2F 1-2: Strikes out looking
|
| Top of the 8th over - 0 runs, 0 hits, 0 errors, 1 left on base; University of Maine 6 - University of Nebraska 0 |
| BOTTOM OF THE 8TH |
|
University of Nebraska Cornhuskers batting - Pitching for University of Maine Black Bears : RHP Etienne Verburg
|
|
Batting: LHB Lupe Garcia
|
0-0: Ball 1-0: Ball 2-0: Ball 3-0: Called Strike 3-1: Base on Balls
|
|
Batting: RHB Aidan Collet
|
0-0: Called Strike 0-1: Ball 1-1: Foul Ball, location: 2F 1-2: Ball 2-2: Strikes out swinging
|
|
Batting: RHB Tariq Garane
|
0-0: Ball 1-0: Ball 2-0: Ball 3-0: Base on Balls Lupe Garcia to second
|
|
Batting: LHB Bob Appleby
|
0-0: Swinging Strike 0-1: Ball 1-1: Ball 2-1: Ball 3-1: Called Strike 3-2: Fly out, F8 (Flyball, 8RS, EV 87.5 MPH)
|
|
Batting: RHB Zion Jones
|
0-0: Ball 1-0: 3-RUN HOME RUN (Flyball, 9D, EV 101.2 MPH), Distance : 378 ft
|
|
Pitching: RHP Tom Neft
|
|
|
Now in RF: John Knox
|
|
|
Batting: RHB Danny Forbes
|
0-0: SINGLE (Line Drive, 6D, EV 96.2 MPH)
|
|
Batting: LHB Avicenna Abdul-Muta'al
|
0-0: Foul Ball, location: 2F 0-1: 2-RUN HOME RUN (Flyball, 9LD, EV 96.9 MPH), Distance : 356 ft
|
|
Batting: RHB Chris Anthony
|
0-0: Ball 1-0: Foul Ball, location: 2F 1-1: Fly out, F8 (Line Drive, 8LD, EV 84.4 MPH)
|
| Bottom of the 8th over - 5 runs, 3 hits, 0 errors, 0 left on base; University of Maine 6 - University of Nebraska 5 |
| TOP OF THE 9TH |
|
University of Maine Black Bears batting - Pitching for University of Nebraska Cornhuskers : RHP Ronald Garbie
|
|
Pitching: RHP Doug Haas
|
|
|
Batting: RHB Rewa Havika
|
0-0: Called Strike 0-1: Ball 1-1: Ball 2-1: Ground out 5-3 (Groundball, 56, EV 106.9 MPH)
|
|
Batting: RHB Geoffrey Gonzalez
|
0-0: Called Strike 0-1: Ground out U3 (Groundball, 34, EV 97.5 MPH)
|
|
Batting: RHB Justin Degon
|
0-0: Swinging Strike 0-1: Ball 1-1: Foul Ball, location: 2F 1-2: Ball 2-2: Ground out 6-3 (Groundball, 6, EV 105.0 MPH)
|
| Top of the 9th over - 0 runs, 0 hits, 0 errors, 0 left on base; University of Maine 6 - University of Nebraska 5 |
| BOTTOM OF THE 9TH |
|
University of Nebraska Cornhuskers batting - Pitching for University of Maine Black Bears : RHP Tom Neft
|
|
Pitching: RHP Jorge Gutierrez
|
|
|
Pinch Hitting: RHB Jason Blakeley
|
0-0: Ball 1-0: Foul Ball, location: 2F 1-1: Ball 2-1: Foul Ball, location: 2F 2-2: Foul Ball, location: 2F 2-2: Strikes out looking
|
|
Batting: LHB Lupe Garcia
|
0-0: Foul Ball, location: 2F 0-1: Fly out, F2 (Popup, 23F, EV 88.8 MPH)
|
|
Batting: RHB Aidan Collet
|
0-0: Ball 1-0: Ground out 2-3 (Groundball, 13S, EV 70.6 MPH)
|
| Bottom of the 9th over - 0 runs, 0 hits, 0 errors, 0 left on base; University of Maine 6 - University of Nebraska 5 |
|